[Event "*** Titled Tuesday 3|2 Blitz (Early)"]
[Site "Chess.com"]
[Date "2016.11.01"]
[Round "4"]
[White "BillieKimbah"]
[Black "brightthunder"]
[Result "1-0"]
[WhiteElo "2587"]
[BlackElo "2562"]
[TimeControl "180+2"]
[EndTime "11:49:14 PDT"]
[Termination "BillieKimbah won by resignation"]

1. d4 Nf6 2. Bf4 c5 3. e3 d5 4.
dxc5 Qa5+ 5. Nd2 Qxc5 6. Ngf3 Nc6 7. a3 Bg4 8. Be2 e6 9. b4 Qb6 10. c4 Be7 11. O-O O-O 12. h3 Bh5 13. c5 Qd8 14.
Rc1 a6 15. Nd4 Bg6 16. Nxc6 bxc6 17. Nb3 Nd7 18. Na5 Qc8 19. Qa4 e5 20. Bh2 Bg5 21.
Qxc6 Qxc6 22. Nxc6 Rfe8 23. Rcd1 Nf6 24. Nxe5 Bc2 25.
Rc1 Ba4 26. Nf3 Bh6 27. Nd4 Ne4 28. Bf4 Bxf4 29. exf4 Nd2 30. Rfe1 Re4 31. Nf3 Nb3 32. Rcd1 Rae8 33. Bxa6 Nxc5 34. bxc5 Bxd1 35. Rxd1 Ra4 36. Bb5 1-0

[Event "*** Titled Tuesday 3|2 Blitz (Early)"]
[Site "Chess.com"]
[Date "2016.11.01"]
[Round "4"]
[White "darsen_sanzhaev"]
[Black "MateusViageiro"]
[Result "1-0"]
[WhiteElo "2288"]
[BlackElo "2289"]
[TimeControl "180+2"]
[EndTime "11:49:17 PDT"]
[Termination "darsen_sanzhaev won by checkmate"]

1. d4 Nf6 2. c4 e6 3. g3 d5 4. Bg2 Nbd7 5. Nf3 c6 6. O-O dxc4 7.
Nbd2 b5 8. e4 Bb7 9. a4 a6 10.
Qe2 Be7 11. e5 Nd5 12. Ne4 O-O 13. Bg5 c5 14. Nd6 Bc6 15. axb5 axb5 16. Bxe7 Qxe7 17. dxc5 Nxc5 18. Nd4 Qd7 19. Rfd1 c3 20. Nxc6 Rxa1 21. Rxa1 cxb2 22. Qxb2 Qxc6 23. Ra7 Na4 24. Qxb5 Qc1+ 25. Bf1 Nac3 26. Qd3 h5 27. Qf3 h4 28. Rxf7 Ne2+ 29.
Qxe2 Rxf7 30. Nxf7 Kxf7 31. Qh5+ Kg8 32. Qe8+ Kh7 33. Qxe6 Nc3 34. Qf5+ Kg8 35. Qc8+ Kh7 36. Kg2 h3+ 37. Qxh3+ Kg8 38. Qe6+ Kh8 39. Qe8+ Kh7 40. Bd3+ Kh6 41. Qg6# 1-0

[Event "*** Titled Tuesday 3|2 Blitz (Early)"]
[Site "Chess.com"]
[Date "2016.11.01"]
[Round "4"]
[White "TheSovietChess"]
[Black "APL2001"]
[Result "0-1"]
[WhiteElo "2491"]
[BlackElo "2425"]
[TimeControl "180+2"]
[EndTime "11:49:25 PDT"]
[Termination "APL2001 won by resignation"]

1. Nf3 d5 2. g3 c6 3. Bg2 Nf6 4. O-O Nbd7 5. d4 e6 6. Bg5 Bd6 7. Re1 h6 8. Bxf6 Nxf6 9. c3 O-O 10. Nbd2 Ne4 11. Nxe4 dxe4 12. Nd2 f5 13. e3 Bd7 14. Nc4 Bc7 15. b4 Be8 16. a4 Qg5 17. h4 Qf6 18. Qb3 g5 19. hxg5 hxg5 20. Rf1 Bh5 21. Rae1 Bf3 22. b5 Rab8 23. Ne5 Bxe5 24. dxe5 Qxe5 25. Bxf3 exf3 26. Rd1 cxb5 27. axb5 Rbd8 28. Rxd8 Rxd8 29. Ra1 Qd5 30. Qxd5 Rxd5 31. c4 Rc5 32. Rxa7 Rxc4 33. Rxb7 Rc1+ 34. Kh2 Rf1 35. Rb8+ Kg7 36. b6 Rxf2+ 37. Kg1 Rb2 38. b7 g4 39. Kf1 e5 40.
Kg1 Kh7 41. Rf8 Rxb7 42. Rxf5 Kg6 43. Rxe5 Rb2 44. Kf1 Rg2 45. Re8 Rxg3 46. Rg8+ Kf5 47. Rf8+ Ke4 48. Re8+ Kd3 49. Rd8+ Kxe3 50. Re8+ Kf4 51.
Rf8+ Ke5 52. Re8+ Kf6 53. Rf8+ Kg7 54. Rb8 Rg2 55. Rb6 Rd2 56. Rb4 Rg2 57. Rb6 Kf7 58. Rb4 Kf6 59. Rb5 Ra2 60. Rb8 Kg5 61. Ke1 Kh4 62.
Rf8 Kg3 63. Kd1 Kg2 64. Kc1 f2 65. Rf5 f1=Q+ 0-1

[Event "*** Titled Tuesday 3|2 Blitz (Early)"]
[Site "Chess.com"]
[Date "2016.11.01"]
[Round "4"]
[White "Taabling"]
[Black "Morshynska"]
[Result "1-0"]
[WhiteElo "2199"]
[BlackElo "2136"]
[TimeControl "180+2"]
[EndTime "11:49:26 PDT"]
[Termination "Taabling won by resignation"]

1. c4 e5 2. Nf3 Nc6 3. Nc3 Nf6 4. a3 g6 5. d4 exd4 6. Nxd4 Bg7 7. Bf4 d6 8. e3 O-O 9. Be2 Re8 10. O-O Bd7 11.
Rc1 a6 12. b4 Nxd4 13. exd4 Ne4 14. Bf3 Nxc3 15. Rxc3 Qf6 16. Be3 Bc6 17. Bxc6 bxc6 18. Rd3 a5 19. b5 cxb5 20. cxb5 a4 21. Qc2 Qf5 22. Rb1 Rf8 23. Rc3 Qxc2 24. Rxc2 Ra7 25. d5 Rb7 26. Rc4 Rfb8 27. Rxa4 Rxb5 28. Rxb5 Rxb5 29.
g3 h5 30. Ra8+ Kh7 31. Ra7 Rxd5 32. Rxc7 Rd1+ 33. Kg2 d5 34. Rxf7 d4 35. Bf4 Kg8 36. Rd7 Ra1 37. Rd8+ Kf7 38. Rd7+ Kg8 39. Bd6 Ra2 40.
Bb4 Ra1 41. h4 Ra2 42. Kf3 Rb2 43. Bc5 Rb3+ 44. Ke4 Rc3 45. Rxg7+ Kh8 46. Bxd4 1-0

[Event "*** Titled Tuesday 3|2 Blitz (Early)"]
[Site "Chess.com"]
[Date "2016.11.01"]
[Round "4"]
[White "Aygehovit1992"]
[Black "yurisolo"]
[Result "1-0"]
[WhiteElo "2438"]
[BlackElo "2510"]
[TimeControl "180+2"]
[EndTime "11:49:28 PDT"]
[Termination "Aygehovit1992 won by resignation"]

1. e4 c5 2. Nf3 e6 3. d4 cxd4 4. Nxd4 Nc6 5. Nc3 d6 6. g4 a6 7.
Be3 Bd7 8. Bg2 Rc8 9. h4 b5 10.
Nxc6 Bxc6 11. a3 Be7 12. g5 h6 13. g6 fxg6 14. Qg4 Kf7 15. Bh3 Qd7 16. Rg1 Bf6 17. Qxg6+ Kf8 18. O-O-O Qe8 19. Rxd6 Qxg6 20. Rxg6 Bxc3 21.
Bxe6 Bxe4 22. Bxc8 Bxg6 23. Bc5 Ne7 24. Rd8+ Be8 25. bxc3 Kf7 26. Bxa6 g5 27. Bxb5 gxh4 28. Bc4+ Kf8 29. Rd4 Rh7 30. Rxh4 Bg6 31. a4 Ke8 32. a5 Nf5 33. Re4+ Kd7 34. Bb5+ Kc7 35. Re6 Bf7 36. Rc6+ Kd8 37. Bb6+ Ke7 38. a6 Bd5 39. Rc7+ 1-0

[Event "*** Titled Tuesday 3|2 Blitz (Early)"]
[Site "Chess.com"]
[Date "2016.11.01"]
[Round "4"]
[White "josiwales"]
[Black "oskariot"]
[Result "1-0"]
[WhiteElo "2184"]
[BlackElo "2380"]
[TimeControl "180+2"]
[EndTime "11:49:42 PDT"]
[Termination "josiwales won by resignation"]

1. e3 c5 2. d3 g6 3. Ne2 Bg7 4.
g3 Nf6 5. Bg2 d5 6. O-O O-O 7. c4 Nc6 8. Nbc3 d4 9. Ne4 Nxe4 10.
dxe4 dxe3 11. Bxe3 Ne5 12. Qc2 Qc7 13. h3 b6 14. f4 Nc6 15. Rad1 Bb7 16. e5 Nb4 17.
Qb1 Bxg2 18. Kxg2 Rfd8 19. a3 Qc6+ 20. Kh2 Na6 21. Nc3 Nc7 22. Qe4 Qxe4 23. Nxe4 Ne6 24. Rd5 Nc7 25. Rdd1 f5 26. Nc3 e6 27. Kg2 Kf7 28.
Kf3 Bf8 29. g4 Be7 30. g5 Ke8 31. h4 Rxd1 32. Rxd1 Rd8 33. Rh1 Kf7 34. h5 Rd3 35.
hxg6+ Kxg6 36. Rh6+ Kg7 37. Ke2 Rd7 38. Nd1 Bf8 39.
Nf2 Kg8 40. Rh5 Kg7 41. Nh1 Kg6 42.
Ng3 b5 43. b3 bxc4 44. bxc4 Na8 45. Rh1 Nb6 46. Nh5 Nxc4 47. Nf6 Rb7 48. Bxc5 Rb2+ 49. Kd3 Nxe5+ 50. Kc3 Bxc5 51. Rh6+ Kg7 52. Rxh7+ Kg6 53.
Rh6+ Kg7 54. Nh5+ Kg8 55. Kxb2 1-0

[Event "*** Titled Tuesday 3|2 Blitz (Early)"]
[Site "Chess.com"]
[Date "2016.11.01"]
[Round "4"]
[White "Mbneu"]
[Black "PowerThinking2650"]
[Result "1-0"]
[WhiteElo "2134"]
[BlackElo "2182"]
[TimeControl "180+2"]
[EndTime "11:49:53 PDT"]
[Termination "Mbneu won on time"]

1. d4 Nf6 2. c4 g6 3. Nc3 Bg7 4. e4 d6 5. f4 O-O 6. Nf3 Nc6 7.
d5 Nb4 8. a3 Na6 9. Be3 e6 10.
Bd3 exd5 11. cxd5 Re8 12. Qc2 Nxe4 13. Nxe4 f5 14. Nfg5 fxe4 15. Bxa6 bxa6 16. O-O h6 17. Ne6 Bxe6 18. dxe6 Rxe6 19. f5 gxf5 20. Rxf5 Rb8 21.
Raf1 d5 22. b4 a5 23. Bf4 axb4 24. axb4 Rxb4 25. Bxc7 Qd7 26. Ba5 Rb2 27. Qc5 Rb5 28. Qa3 e3 29. Rf8+ Kh7 30. Qd3+ Re4 31. R8f7 Qc6 32.
Bc3 d4 33. Bxd4 Rg5 34. Bxg7 Rxg7 35. R7f4 1-0

[Event "*** Titled Tuesday 3|2 Blitz (Early)"]
[Site "Chess.com"]
[Date "2016.11.01"]
[Round "4"]
[White "metalbattler"]
[Black "KingFlorida"]
[Result "1-0"]
[WhiteElo "2014"]
[BlackElo "2337"]
[TimeControl "180+2"]
[EndTime "11:49:53 PDT"]
[Termination "metalbattler won on time"]

1. e4 Nf6 2. e5 Nd5 3. d4 d6 4. c4 Nb6 5. exd6 cxd6 6. Nc3 g6 7.
Be3 Bg7 8. Rc1 O-O 9. b3 N8d7 10. Nf3 Nf6 11. h3 d5 12. c5 Nbd7 13. Bd3 a5 14. O-O Nb8 15. a3 Nc6 16. Rb1 Bf5 17. Bxf5 gxf5 18.
b4 axb4 19. axb4 Ne4 20. Qb3 e6 21. Ra1 Qf6 22. b5 Na5 23. Qa3 Nxc3 24. Qxc3 Nc4 25. Rxa8 Rxa8 26. Ra1 Rc8 27. Qc1 Qd8 28. Bf4 Qd7 29.
Qb1 Bf6 30. Ra7 Bd8 31. Ne5 Qe8 32. Rxb7 Nxe5 33. Bxe5 Bg5 34. c6 Ra8 35. c7 f6 36.
Rb8 fxe5 37. Rxe8+ Rxe8 38. b6 exd4 39. b7 Kf7 40. c8=Q 1-0

[Event "*** Titled Tuesday 3|2 Blitz (Early)"]
[Site "Chess.com"]
[Date "2016.11.01"]
[Round "4"]
[White "Kawhi_Leonard2"]
[Black "Quiet_Desperation"]
[Result "0-1"]
[WhiteElo "2054"]
[BlackElo "2298"]
[TimeControl "180+2"]
[EndTime "11:50:13 PDT"]
[Termination "Quiet_Desperation won by resignation"]

1. e4 Nc6 2. Nf3 d6 3. d4 Nf6 4. Nc3 d5 5. e5 Ne4 6. Bd3 Bf5 7. O-O e6 8. Re1 Nxc3 9. bxc3 Bg4 10. Rb1 Rb8 11. h3 Bh5 12. Re3 Be7 13. Qf1 Bg6 14.
Bxg6 hxg6 15. Nh2 Qd7 16. Rg3 Na5 17. Qe2 Nc4 18. Nf3 Qa4 19. a3 b5 20. h4 Kd7 21. h5 Rxh5 22. Rh3 Rxh3 23. gxh3 Rh8 24.
Kg2 a6 25. Qd3 Ra8 26. h4 Nxa3 27. Bxa3 Qxa3 28. Rb3 Qc1 29. h5 gxh5 30. Qh7 Qh6 31. Qxh6 gxh6 32. Rb1 c5 33. Rh1 c4 34. Rxh5 Bg5 35.
Nxg5 hxg5 36. Rxg5 a5 37. Rg7 Ke7 38. Rh7 b4 39. cxb4 axb4 40. Rh1 Ra2 41. Rb1 Rxc2 42. Rxb4 Rd2 43. Rb7+ Kf8 44. Kg3 Rxd4 45. f4 Kg7 46.
Kg4 c3 47. Rc7 Rc4 48. Rxc4 dxc4 0-1

[Event "*** Titled Tuesday 3|2 Blitz (Early)"]
[Site "Chess.com"]
[Date "2016.11.01"]
[Round "4"]
[White "RodinMihail"]
[Black "micfel"]
[Result "1-0"]
[WhiteElo "2438"]
[BlackElo "2268"]
[TimeControl "180+2"]
[EndTime "11:50:28 PDT"]
[Termination "RodinMihail won by resignation"]

1. e4 d6 2. d4 Nd7 3. Nc3 g6 4.
g3 Bg7 5. Nge2 c5 6. Bg2 cxd4 7. Nxd4 Ngf6 8. O-O O-O 9. h3 h6 10. Be3 Ne5 11. b3 a6 12. Qd2 Kh7 13. a4 Rb8 14. a5 Bd7 15. Nd5 Nc6 16. Nb6 Nxd4 17. Bxd4 Bc6 18. Rfe1 Nd7 19. Bxg7 Kxg7 20. Nd5 Nc5 21.
c4 Kh7 22. Qc3 e5 23. Rad1 Ne6 24. Ne3 Nd4 25. b4 f5 26. exf5 gxf5 27. Nc2 Bxg2 28. Kxg2 Ne6 29. Rxe5 dxe5 30. Rxd8 Rbxd8 31. Qxe5 Rde8 32.
Nd4 Ng5 33. Qd5 f4 34. Qxb7+ Rf7 35. Qxa6 fxg3 36. fxg3 Ne4 37. Qc6 Re5 38. Nf3 Ree7 39.
Qd5 Kg7 40. a6 Ng5 41. Qd4+ Kg8 42. Ng1 Ne4 43. b5 Rf2+ 44. Qxf2 Nxf2 45. Kxf2 1-0

[Event "*** Titled Tuesday 3|2 Blitz (Early)"]
[Site "Chess.com"]
[Date "2016.11.01"]
[Round "4"]
[White "HovmoellerHest"]
[Black "Wolverine_master"]
[Result "1-0"]
[WhiteElo "2277"]
[BlackElo "2046"]
[TimeControl "180+2"]
[EndTime "11:50:35 PDT"]
[Termination "HovmoellerHest won by resignation"]

1. d4 Nf6 2. c4 c5 3. d5 b5 4. cxb5 a6 5. b6 Qxb6 6. Nc3 d6 7. Nf3 g6 8. Nd2 Bg7 9. e4 O-O 10. a4 Bd7 11. a5 Qb7 12. Be2 Ne8 13. Nc4 Nc7 14.
Nb6 Ra7 15. O-O Bb5 16. Be3 Rd8 17. f4 Nd7 18. Nxd7 Rxd7 19. f5 Bxe2 20. Qxe2 Nb5 21.
fxg6 fxg6 22. Qg4 Rd8 23. Qe6+ Kh8 24. Rf7 Qd7 25. Bg5 Qxe6 26. dxe6 Nxc3 27. bxc3 h6 28.
Bxe7 Re8 29. Bxd6 Rxf7 30. exf7 Rc8 31. e5 Bf8 32. Re1 Kg7 33. Bxf8+ Kxf8 34. e6 Ke7 35. Rf1 Rf8 36. h4 g5 37. hxg5 hxg5 38. Rf5 Kxe6 39. Rxc5 Kxf7 40. Rf5+ Ke7 41. Rxf8 Kxf8 42. Kf2 Ke7 43.
Ke3 Kd6 44. Kd4 Kc6 45. c4 g4 46. g3 Kd6 47. c5+ Kc6 48. Kc4 Kc7 49. Kd5 Kd7 50. c6+ Kc7 51. Kc5 Kc8 52. Kb6 Kb8 53. Kxa6 Kc7 54.
Kb5 Kc8 55. Kb6 Kb8 56. c7+ Kc8 57. a6 1-0

[Event "*** Titled Tuesday 3|2 Blitz (Early)"]
[Site "Chess.com"]
[Date "2016.11.01"]
[Round "4"]
[White "Matibar"]
[Black "Alexander_Moskalenko"]
[Result "1/2-1/2"]
[WhiteElo "2584"]
[BlackElo "2705"]
[TimeControl "180+2"]
[EndTime "11:50:41 PDT"]
[Termination "Game drawn by agreement"]

1. e4 c5 2. Ne2 d6 3. g3 d5 4. Bg2 dxe4 5. Bxe4 Nf6 6. Bg2 Nc6 7.
Nbc3 e6 8. O-O Be7 9. d3 O-O 10. Be3 Nd4 11. Ne4 Nxe4 12. dxe4 Nxe2+ 13. Qxe2 Qc7 14. Rfd1 Bd7 15. Bf4 e5 16. Bxe5 Qxe5 17. Rxd7 Qxb2 18. Rad1 Bf6 19. e5 Qxe5 20. Qxe5 Bxe5 21. Bxb7 Rab8 22.
a4 a5 23. Kg2 g6 24. R1d5 Bd4 25. c3 Bxc3 26. Rxc5 Bb4 27. Rcc7 Rbd8 28. Bd5 Rxd7 29. Rxd7 h5 30. f4 Kg7 31. h3 Kf6 32. Kf3 Be7 33.
Ra7 Bb4 34. g4 hxg4+ 35. hxg4 g5 36. Ra6+ Kg7 37. fxg5 Rd8 38. Ke4 Re8+ 39. Kd4 Bd2 40. Kd3 Bb4 41. Be4 Rd8+ 42. Ke2 Re8 43. Kf3 Re6 44. Ra7 Re7 45. Ra8 Re5 46. g6 fxg6 47.
Ra6 g5 48. Bf5 Kf7 49. Ra7+ Kf6 50. Ra6+ Ke7 51. Rg6 Bd2 52. Rg7+ Kf8 53. Rd7 Bf4 54. Ra7 Re3+ 55. Kg2 Re5 56. Kf3 Ke8 57. Bd7+ Kd8 58. Bb5 Re3+ 59. Kf2 Rg3 60. Rd7+ Kc8 1/2-1/2

[Event "*** Titled Tuesday 3|2 Blitz (Early)"]
[Site "Chess.com"]
[Date "2016.11.01"]
[Round "4"]
[White "TomsKantans"]
[Black "LuckyTiger"]
[Result "0-1"]
[WhiteElo "2470"]
[BlackElo "2594"]
[TimeControl "180+2"]
[EndTime "11:50:43 PDT"]
[Termination "LuckyTiger won on time"]

1. e4 c5 2. Nf3 d6 3. Bb5+ Nc6 4. O-O Bd7 5. Re1 Nf6 6. c3 a6 7. Bf1 Bg4 8. h3 Bxf3 9. Qxf3 g6 10. d3 Bg7 11. Be3 O-O 12. Nd2 Nd7 13. Qd1 b5 14. Nf3 Nb6 15. Rc1 Qd7 16. b3 b4 17. cxb4 Nxb4 18. d4 Nxa2 19. dxc5 Nxc1 20. cxb6 Na2 21. e5 Nc3 22. Qd2 Ne4 23. Qd5 Nc3 24. Qd2 Nb5 25.
Bh6 Qc6 26. Qg5 dxe5 27. Bxg7 Kxg7 28. Qxe5+ Qf6 29. Qxe7 Rab8 30. b7 Nd6 31. Bxa6 Rfe8 32. Qxf6+ Kxf6 33. Rd1 Nxb7 34. Rd5 Re6 35. Bc4 Nd6 36. g4 Nxc4 37. bxc4 Rb1+ 38. Kg2 Rc1 39. Rd4 h6 40. Kg3 Ke7 41. Nd2 Ree1 42. Nf3 Rc3 43. h4 Rec1 44. Re4+ Kf8 45. Kg2 Rxc4 46. Rxc4 Rxc4 47.
Kg3 Ra4 48. Ne5 Ke7 0-1

[Event "*** Titled Tuesday 3|2 Blitz (Early)"]
[Site "Chess.com"]
[Date "2016.11.01"]
[Round "4"]
[White "Smirnov_Pavel"]
[Black "platy3"]
[Result "0-1"]
[WhiteElo "2515"]
[BlackElo "2690"]
[TimeControl "180+2"]
[EndTime "11:50:44 PDT"]
[Termination "platy3 won by resignation"]

1. d4 Nf6 2. c4 g6 3. g3 Bg7 4. Bg2 O-O 5. Nc3 d6 6. Nf3 Nc6 7. O-O a6 8. Bf4 Rb8 9. Rc1 h6 10.
h3 g5 11. Bd2 g4 12. hxg4 Nxg4 13. d5 Nce5 14. Nxe5 Nxe5 15. b3 c5 16. dxc6 bxc6 17. Bf4 Ng6 18. Be3 Bd7 19. Qd2 h5 20. Bg5 Qa5 21. Ne4 Qf5 22. Bh6 h4 23. Bxg7 Kxg7 24. Qg5 Qxg5 25. Nxg5 hxg3 26. fxg3 f6 27. Nf3 c5 28.
Kf2 a5 29. Rc3 a4 30. Re3 Rb4 31. Nd2 Ne5 32. Bf3 Rh8 33. Re4 f5 34. Rh4 Rxh4 35. gxh4 Kh6 36. Rg1 Be6 37. Ke3 Ng6 38. h5 Ne5 39.
Kf4 Rb8 40. e4 Rf8 41. exf5 Rxf5+ 42. Ke3 axb3 43. axb3 Rf8 44. Be2 Ra8 45. Rf1 Ra2 46. Rf8 Bf7 47. Nf3 Kg7 48. Rc8 Ng4+ 49. Kf4 Rxe2 50.
Ng5 Nh6 0-1

[Event "*** Titled Tuesday 3|2 Blitz (Early)"]
[Site "Chess.com"]
[Date "2016.11.01"]
[Round "4"]
[White "FlySooHigh"]
[Black "popov_m"]
[Result "1-0"]
[WhiteElo "2430"]
[BlackElo "2239"]
[TimeControl "180+2"]
[EndTime "11:50:44 PDT"]
[Termination "FlySooHigh won by resignation"]

1. e4 e6 2. d4 d5 3. e5 c5 4. c3 Nc6 5. Nf3 Qb6 6. a3 f6 7. Bd3 fxe5 8. Nxe5 Nf6 9. Nf3 Bd6 10.
O-O O-O 11. dxc5 Bxc5 12. b4 Bd6 13. c4 Qc7 14. Bb2 dxc4 15. Bxc4 Nxb4 16. axb4 Qxc4 17.
Qxd6 Bd7 18. Nbd2 Qc8 19. Ne5 Bb5 20. Rfc1 Qe8 21. Ndf3 a6 22. Rc7 Nd5 23. Rxb7 Rd8 24. Qc5 Nf4 25. Qe7 Qxe7 26. Rxe7 Rfe8 27. Rc7 Nd5 28.
Rb7 Nf6 29. h3 Rd5 30. Rc1 Red8 31. Rcc7 Ne8 32. Re7 Rd1+ 33. Kh2 Rb1 34. Bc3 Rb3 35. Bd2 Rb2 36. Rxe6 h6 37. Be1 Nd6 38. Ra7 Ne8 39.
Ree7 Rd1 40. Ng4 Rd8 41. Bc3 Rc2 42. Bxg7 h5 43. Nf6+ Nxf6 44. Bxf6 Rxf2 45. Rg7+ Kf8 46. Bxd8 1-0

[Event "*** Titled Tuesday 3|2 Blitz (Early)"]
[Site "Chess.com"]
[Date "2016.11.01"]
[Round "4"]
[White "IMJonathanCarlstedt"]
[Black "KuzubovYuriy"]
[Result "1-0"]
[WhiteElo "2443"]
[BlackElo "2532"]
[TimeControl "180+2"]
[EndTime "11:50:48 PDT"]
[Termination "IMJonathanCarlstedt won by resignation"]

1. c4 g6 2. g3 Bg7 3. Bg2 d6 4.
Nc3 c5 5. e4 Nh6 6. Nge2 Nc6 7.
d3 f5 8. h3 O-O 9. O-O fxe4 10. dxe4 e5 11. Be3 Nd4 12. f4 Be6 13. b3 a6 14. Kh2 b5 15. Nd5 bxc4 16. bxc4 Rb8 17. Nec3 exf4 18. gxf4 Qh4 19. Bf2 Qd8 20. Bg3 g5 21. f5 Bxd5 22. Nxd5 Rb2 23. f6 Bxf6 24.
Qc1 Bg7 25. Rxf8+ Qxf8 26. Qxb2 Nf3+ 27. Bxf3 Bxb2 28. Rf1 Qg7 29. Rb1 Qd4 30. Rd1 Qg7 31.
Rb1 g4 32. hxg4 Nf7 33. Ne7+ Kf8 34. Nf5 Qc3 35. Bg2 Qc2 36. Rf1 Ke8 37. Ng7+ Ke7 38.
Bh4+ Kf8 39. Nf5 Be5+ 40. Kh1 Qxc4 41. Rf2 Ke8 42. g5 Qc1+ 43. Rf1 Qd2 44. Rb1 Nxg5 45.
Rb8+ Kd7 46. Rb7+ Kc6 47. Rb1 h6 48. Ne7+ Kd7 49. Nd5 Qb2 50. Rxb2 Bxb2 51. Bxg5 1-0

[Event "*** Titled Tuesday 3|2 Blitz (Early)"]
[Site "Chess.com"]
[Date "2016.11.01"]
[Round "4"]
[White "NTBT_DHS"]
[Black "Blitzstream"]
[Result "0-1"]
[WhiteElo "2486"]
[BlackElo "2543"]
[TimeControl "180+2"]
[EndTime "11:50:49 PDT"]
[Termination "Blitzstream won on time"]

1. d4 Nf6 2. c4 d6 3. Nf3 Bg4 4. Nbd2 Nbd7 5. Qc2 e5 6. h3 Bh5 7. e4 Be7 8. d5 a5 9. b3 Nc5 10. Be2 Bg6 11. Bd3 Nh5 12. g3 O-O 13. Ba3 Nxd3+ 14. Qxd3 f5 15. O-O-O Qd7 16. Rde1 Kh8 17. Rhg1 fxe4 18.
Nxe4 Qf5 19. Re3 Nf6 20. Nh4 Qh5 21. Nxg6+ Qxg6 22. Nxf6 Rxf6 23. Qxg6 hxg6 24. Rg2 Raf8 25. Re2 Rf3 26. Kc2 a4 27. Bc1 Kh7 28. b4 g5 29.
Be3 Kg6 30. b5 Rh8 31. h4 Kf5 32. g4+ Kg6 33. h5+ Kf7 34. Kd3 g6 35. Ke4 Rh3 36. hxg6+ Kxg6 37. Kd3 b6 38. Kc3 Rh1 39. Kb4 Rb1+ 40.
Ka3 Bf6 41. Rb2 Rd1 42. Kxa4 e4 43. Rb3 Ra8+ 44. Kb4 Rxa2 45. Rh2 Rda1 0-1

[Event "*** Titled Tuesday 3|2 Blitz (Early)"]
[Site "Chess.com"]
[Date "2016.11.01"]
[Round "4"]
[White "superjem123"]
[Black "Usurpov"]
[Result "1/2-1/2"]
[WhiteElo "2472"]
[BlackElo "2277"]
[TimeControl "180+2"]
[EndTime "11:51:08 PDT"]
[Termination "Game drawn - insufficient material"]

1. d4 Nf6 2. c4 g6 3. Nc3 d5 4. cxd5 Nxd5 5. e4 Nxc3 6. bxc3 Bg7 7. Nf3 c5 8. Be3 Qa5 9. Qd2 Nc6 10. Rc1 cxd4 11.
cxd4 Qxd2+ 12. Kxd2 O-O 13. d5 Na5 14. Bd3 e6 15. Bc5 Bh6+ 16. Ke2 Bxc1 17. Bxf8 Kxf8 18. Rxc1 exd5 19. exd5 Bg4 20. Rc5 b6 21. Rc7 Re8+ 22. Kd2 Re7 23. d6 Rxc7 24. dxc7 Bc8 25. Nd4 a6 26. f4 Ke7 27. f5 Kd6 28. fxg6 fxg6 29. Nf3 Kxc7 30. Ng5 h6 31. Nf7 Be6 32. Nxh6 g5 33. Bxa6 Bxa2 34. Kc3 Kd6 35. Ng4 Bd5 36.
Ne3 Bc6 37. Kd4 Nb3+ 38. Kc3 Nc5 39. Be2 Ne6 40. g3 Kc5 41. Bg4 Nd4 42. Nd1 b5 43. Nf2 b4+ 44. Kb2 Bb5 45. Nh3 Be2 46. Bxe2 Nxe2 47. Nxg5 Kd5 48. Kb3 Ke5 49. Kxb4 Kf5 50.
Nf3 Nxg3 51. hxg3 Kg4 52. Nd4 Kxg3 1/2-1/2

[Event "*** Titled Tuesday 3|2 Blitz (Early)"]
[Site "Chess.com"]
[Date "2016.11.01"]
[Round "4"]
[White "KestutisLabeckas"]
[Black "petrpalachev"]
[Result "0-1"]
[WhiteElo "2477"]
[BlackElo "2419"]
[TimeControl "180+2"]
[EndTime "11:51:10 PDT"]
[Termination "petrpalachev won by resignation"]

1. d4 Nf6 2. Bg5 d5 3. Bxf6 exf6 4. e3 g6 5. g3 h5 6. h4 Bd6 7. Bg2 c6 8. Ne2 f5 9. c4 dxc4 10. Nd2 Be6 11. Qc2 Bd5 12. O-O O-O 13. Nxc4 Bxc4 14.
Qxc4 Nd7 15. b4 a6 16. a4 Nb6 17. Qb3 Qe7 18. b5 cxb5 19. axb5 a5 20. Rfc1 a4 21. Qd3 Rfc8 22. Nc3 a3 23. e4 fxe4 24. Bxe4 Kg7 25. Qf3 Rc7 26. Na2 Rac8 27. Rxc7 Rxc7 28. Nc3 Rxc3 29. Qxc3 Qxe4 30. Rd1 Qe2 31. Re1 Qc4 32. Qa1 Nd5 33. b6 Qc3 34. Qd1 a2 35. Kg2 Bb4 36.
Rf1 Qb2 37. Qf3 Nxb6 38. Qxb7 Qxd4 39. Qa6 Qd5+ 40. Kg1 Bc3 41. Qxb6 a1=Q 42. Rxa1 Bxa1 43. Qb1 Bd4 44. Qc2 Qf3 45. Kf1 Kf6 46. Qd2 Qxf2+ 47. Qxf2+ Bxf2 48. Kxf2 Kf5 49. Kf3 f6 50. g4+ hxg4+ 51.
Kg3 g5 52. h5 Ke6 53. Kxg4 Kf7 54. Kf5 Kg7 0-1

[Event "*** Titled Tuesday 3|2 Blitz (Early)"]
[Site "Chess.com"]
[Date "2016.11.01"]
[Round "4"]
[White "Divertissement"]
[Black "GianmarcoVaR"]
[Result "0-1"]
[WhiteElo "2348"]
[BlackElo "2420"]
[TimeControl "180+2"]
[EndTime "11:51:13 PDT"]
[Termination "GianmarcoVaR won by checkmate"]

1. e4 c6 2. d4 d5 3. Nd2 dxe4 4. Nxe4 Bf5 5. Ng3 Bg6 6. h4 h6 7. h5 Bh7 8. Nf3 e6 9. Bd3 Bxd3 10. Qxd3 Nf6 11. Bd2 c5 12. Qb5+ Qd7 13. Qxd7+ Nbxd7 14. O-O-O Bd6 15. Ne2 Ke7 16. Be3 Rac8 17. dxc5 Bxc5 18. Bxc5+ Rxc5 19. Ng3 Rhc8 20. Rd2 Nb6 21. b3 Nbd5 22. Kb2 Nf4 23. c4 N4xh5 24. Nxh5 Rxh5 25. Rhd1 b5 26. cxb5 Rxb5 27. Nd4 Rbc5 28. Nf3 R8c7 29. Re2 Nd5 30. Re5 Rc2+ 31. Ka3 Nc3 32. Ra1 Rxf2 33. Nd4 Rxg2 34.
Re3 Nd5 35. Ree1 g6 36. Rad1 Rc5 37. b4 Rc3+ 38. Nb3 Rcc2 39. Ra1 Nb6 40. Nd4 Rc3+ 41. Nb3 h5 42. Rad1 Nc4+ 43. Ka4 Nb2+ 44. Kb5 Nxd1 45.
Rxd1 h4 46. Nc5 h3 47. Rd7+ Kf8 48. Ne4 Rf3 49. Rd8+ Kg7 50. Nd6 h2 51. Ne8+ Kh7 52. Rd1 Rg1 53. Rd7 h1=Q 54. Nd6 Rd1 55. Kc5 Rc3+ 56.
Kb5 Qc6+ 57. Ka5 Ra3# 0-1

[Event "*** Titled Tuesday 3|2 Blitz (Early)"]
[Site "Chess.com"]
[Date "2016.11.01"]
[Round "4"]
[White "IIIlllII1llIl"]
[Black "DanielNaroditsky"]
[Result "0-1"]
[WhiteElo "2535"]
[BlackElo "2739"]
[TimeControl "180+2"]
[EndTime "11:51:20 PDT"]
[Termination "DanielNaroditsky won by resignation"]

1. e4 e6 2. d4 d5 3. Nd2 Be7 4. Bd3 c5 5. dxc5 Nf6 6. exd5 Qxd5 7. Ngf3 Qxc5 8. O-O Qc7 9. Qe2 Nbd7 10. b3 b6 11. Bb2 Bb7 12. Rfe1 a6 13. Nc4 Nc5 14.
Be5 Qc6 15. Rac1 Rd8 16. b4 Nxd3 17. cxd3 Qb5 18. Bc7 O-O 19. Bxd8 Rxd8 20. a3 Nd5 21.
Qd2 Bf6 22. d4 Ne7 23. Nce5 Nf5 24. Qf4 Qd5 25. Rc7 g5 26. Qg4 Bxe5 27. Nxe5 f6 28.
Nf3 Rc8 29. Rxc8+ Bxc8 30. Qe4 Qxe4 31. Rxe4 Ne7 32. Re1 Nd5 33. Rc1 Bd7 34. h3 Kf7 35. Nd2 Ke7 36. Nc4 Bb5 37. Ne3 Nf4 38. Rc7+ Kd6 39.
Rxh7 Ne2+ 40. Kh2 Nxd4 41. Ng4 f5 42. Nf6 Nc2 43. g3 Ke5 44. Nd7+ Ke4 45. h4 g4 46. h5 Kf3 47. h6 Kxf2 48. Ne5 Ne3 49. Nxg4+ Nxg4+ 50. Kh3 Nxh6 51. Rxh6 e5 52. Rf6 Bd3 53. g4 f4 54. g5 f3 55. Re6 e4 56. g6 e3 57.
g7 Bf5+ 0-1

[Event "*** Titled Tuesday 3|2 Blitz (Early)"]
[Site "Chess.com"]
[Date "2016.11.01"]
[Round "4"]
[White "Gabrielian_Artur"]
[Black "uzbektiger95"]
[Result "1/2-1/2"]
[WhiteElo "2552"]
[BlackElo "2621"]
[TimeControl "180+2"]
[EndTime "11:51:27 PDT"]
[Termination "Game drawn by agreement"]

1. e4 d5 2. exd5 Qxd5 3. Nc3 Qd6 4. d4 Nf6 5. Nf3 g6 6. Bc4 Bg7 7. h3 O-O 8. O-O a6 9. Bb3 b5 10. Re1 Bb7 11. Bg5 Bxf3 12. Qxf3 Nc6 13. d5 Nd4 14.
Qd3 Nxb3 15. axb3 Rfe8 16. Bh4 b4 17. Bxf6 Qxf6 18. Na4 Qd6 19. Qc4 Red8 20. Red1 Rdb8 21. Nc5 a5 22. Ra2 c6 23. Ne4 cxd5 24. Nxd6 dxc4 25.
Nxc4 Rb5 26. Rda1 Kf8 27. Kf1 Ke8 28. Ke2 Kd7 29. f4 g5 30. fxg5 Ke6 31. g4 Rxg5 32. Kf3 h5 33. Re1+ Kf6 34. c3 hxg4+ 35. hxg4 Rh8 36. Kg3 e6 37. Rxa5 Rxa5 38. Nxa5 Kg5 39.
cxb4 Bxb2 40. Nc4 Bc3 41. Rf1 f5 42. gxf5 exf5 43. b5 Rb8 44. b6 Bd4 45. Rb1 Bxb6 46. Nxb6 Rxb6 47. b4 Rb5 48. Kf3 Kf6 49. Kf4 Ke6 50.
Re1+ Kd6 51. Rd1+ Kc6 52. Rd4 Rd5 53. Rxd5 1/2-1/2